Reign vs Monsters
Created - March 7, 2022 at 19:00
Goals
|
| Reign |
1 |
1 |
1 |
3 |
| Monsters |
1 |
1 |
3 |
5 |
|
Shots
|
| Reign |
5 |
19 |
4 |
28 |
| Monsters |
13 |
4 |
17 |
34 |
|
1st period
1. Monsters , Ondrej Kase 18 (Matt Calvert 20, Christian Hanson 34) at 2:07
2. Reign , Sergey Kalinin 9 (William Nylander 27) at 7:54
Penalties :
Jared Knight (Cle) for Roughing (Minor) at 19:45
2nd period
3. Monsters , Christian Hanson 12 (Matt Grzelcyk 13, Jared Knight 11) at 1:52
4. Reign , Matthew Tkachuk 12 (William Nylander 28, Thomas Chabot 14) at 8:13 (PP)
Penalties :
Aaron Ness (Cle) for Hooking (Minor) at 7:55, Rourke Chartier (Ont) for Hooking (Minor) at 11:00
3rd period
5. Reign , Joachim Blichfeld 12 (Josh Anderson 6, Nikita Tryamkin 10) at 1:28
6. Monsters , Maxim Mamin 2 (Aaron Ness 28, Marc Michaelis 2) at 6:30
7. Monsters , Christian Hanson 13 (Dillon Heatherington 8) at 8:55
8. Monsters , Ondrej Kase 19 (Matt Calvert 21, Aaron Ness 29) at 19:45 (Empty Net)
Penalties :
Joakim Nordstrom (Cle) for Interference (Minor) at 2:51, Charlie McAvoy (Ont) for Interference (Minor) at 11:16
Goalie Stats
Carter Hart (Ont), 29 saves from 33 shots - (0.879), L, 16-10-0, 59:24 minutes
Eric Comrie (Cle), 25 saves from 28 shots - (0.893), W, 8-5-2, 60:00 minutes
Players Stats for Reign
Player Name G A P +/- PIM S H SB GA TA FO MP PP MP PK MP
------------------------------------------------------------------------------------
Charlie McAvoy 0 0 0 -2 2 1 0 2 0 0 0/0 13:46 0:00 0:00
Christopher Tanev 0 0 0 0 0 1 2 7 0 0 0/0 15:30 0:00 2:40
Dmitri Orlov 0 0 0 -1 0 4 0 4 0 0 0/0 18:15 1:55 1:18
Jakob Chychrun 0 0 0 -2 0 1 1 3 0 1 0/0 15:54 2:21 0:00
Joachim Blichfeld 1 0 1 0 0 2 0 0 0 1 0/1 10:13 0:00 0:00
Joel Eriksson Ek 0 0 0 0 0 0 1 1 1 0 8/12 12:38 0:00 2:35
Jordan Kyrou 0 0 0 1 0 4 0 0 1 0 1/1 16:41 1:38 0:00
Jordan Schmaltz 0 0 0 0 0 1 0 1 0 1 0/0 18:01 0:00 2:40
Josh Anderson 0 1 1 0 0 2 0 0 0 0 0/0 10:25 0:00 0:00
Logan Stanley 0 0 0 0 0 0 2 0 0 0 0/0 10:21 0:00 0:00
Matthew Tkachuk 1 0 1 -2 0 3 0 0 1 3 2/3 19:00 2:38 0:00
Nicolas Aube-Kubel 0 0 0 -2 0 1 1 1 0 0 0/0 12:30 0:00 2:35
Nikita Tryamkin 0 1 1 -1 0 0 1 1 0 1 0/0 13:43 1:55 1:18
Phillip Danault 0 0 0 -2 0 1 1 0 1 0 0/0 11:12 0:00 1:14
Roope Hintz 0 0 0 -1 0 0 3 1 0 0 0/1 18:10 1:38 0:09
Rourke Chartier 0 0 0 -2 2 2 1 0 1 0 7/19 19:14 2:38 0:00
Sergey Kalinin 1 0 1 1 0 3 1 2 0 0 10/23 17:24 1:38 0:42
Thomas Chabot 0 1 1 0 0 0 0 0 0 0 0/0 15:14 2:21 0:00
Trevor Moore 0 0 0 -2 0 0 1 0 0 0 2/5 8:59 0:00 0:00
William Nylander 0 2 2 0 0 2 2 2 1 0 1/1 18:50 2:38 0:41
Players Stats for Monsters
Player Name G A P +/- PIM S H SB GA TA FO MP PP MP PK MP
------------------------------------------------------------------------------------
Aaron Ness 0 2 2 2 2 2 1 2 1 1 0/0 27:27 2:10 2:11
Austin Watson 0 0 0 -1 0 1 1 1 0 0 2/2 15:31 1:37 0:24
Bobby Farnham 0 0 0 0 0 1 1 1 0 0 0/0 10:31 0:00 0:00
Cameron Hughes 0 0 0 0 0 0 0 0 0 0 0/0 0:00 0:00 0:00
Christian Hanson 2 1 3 3 0 2 4 1 1 0 16/34 23:41 2:21 2:40
Dillon Heatherington 0 1 1 1 0 2 1 0 0 0 0/0 20:35 1:48 1:47
Francis Perron 0 0 0 0 0 0 0 0 0 0 0/0 0:44 0:00 0:43
Jared Knight 0 1 1 0 2 1 0 1 0 1 6/9 15:14 1:37 0:00
Joakim Nordstrom 0 0 0 0 2 2 0 0 1 0 0/0 10:39 0:00 0:00
Marc Michaelis 0 1 1 1 0 0 1 3 0 0 0/0 8:55 0:00 0:00
Matt Calvert 0 2 2 3 0 2 1 1 0 1 5/8 23:46 2:21 2:45
Matt Grzelcyk 0 1 1 1 0 1 0 2 1 0 0/0 20:35 1:48 1:47
Maxim Mamin 1 0 1 1 0 1 0 0 0 0 1/3 8:55 0:00 0:00
Mitch Marner 0 0 0 -1 0 5 0 0 0 0 1/1 16:16 1:37 1:00
Morgan Rielly 0 0 0 2 0 4 1 1 1 0 0/0 27:46 2:10 2:29
Nathan Noel 0 0 0 0 0 0 0 0 0 0 0/0 0:01 0:00 0:00
Ondrej Kase 2 0 2 2 0 6 3 1 1 0 0/3 22:02 2:21 1:00
Patrik Laine 0 0 0 0 0 0 0 0 0 0 0/0 0:01 0:00 0:00
Richard Nejezchleb 0 0 0 1 0 2 1 0 1 3 0/0 8:55 0:00 0:00
Ryan Fitzgerald 0 0 0 0 0 2 0 0 0 0 4/6 10:31 0:00 0:00
Tarmo Reunanen 0 0 0 0 0 0 0 0 0 0 0/0 11:57 0:00 0:18
Victor Mete 0 0 0 0 0 0 0 1 0 0 0/0 11:39 0:00 0:00
3 Stars
1 - Christian Hanson (Cle)
2 - Ondrej Kase (Cle)
3 - Matt Calvert (Cle)
Power Play
Reign - 1 on 3 Attempt(s) - 33.33%
Monsters - 0 on 2 Attempt(s) - 0.00%
Penalty Kill
Reign - 2 on 2 Attempt(s) - 100.00%
- Score 0 goal in Penalty Kill
Monsters - 2 on 3 Attempt(s) - 66.67%
- Score 0 goal in Penalty Kill
Team Stat
Reign - Hits : 17 - Faceoff Wins : 31 - Blocked Shots : 25 - Penalty Minutes : 4
Monsters - Hits : 15 - Faceoff Wins : 35 - Blocked Shots : 15 - Penalty Minutes : 6
Official
Referees : Tim Peel and Chris Lee
Linesman : Steve Barton and Jesse Marquis
Game Notes
Ondrej Kase has scored in a empty net!
Finance
Level 1 -- Attendance: 1812 (90.60%) -- Ticket Income $63,420
Level 2 -- Attendance: 983 (98.30%) -- Ticket Income $14,745
Total Attendance: 2795 (93.17%)
Total Ticket Income: $78,165
Other Income: $3,908
Total Income: $82,073
Reign
5 vs 5 Forward
Center Left Wing Right Wing Time % Phy DF OF
1 Sergey Kalinin William Nylander Jordan Kyrou 30 0 3 2
2 Rourke Chartier Roope Hintz Matthew Tkachuk 30 0 3 2
3 Trevor Moore Phillip Danault Nicolas Aube-Kubel 20 0 3 2
4 Joel Eriksson Ek Joachim Blichfeld Josh Anderson 20 0 3 2
5 vs 5 Defense
Defense Defense Time % Phy DF OF
1 Jordan Schmaltz Dmitri Orlov 30 0 3 2
2 Christopher Tanev Thomas Chabot 25 0 3 2
3 Charlie McAvoy Jakob Chychrun 25 0 3 2
4 Logan Stanley Nikita Tryamkin 20 1 3 1
PowerPlay Forward
Center Left Wing Right Wing Time % Phy DF OF
1 Rourke Chartier William Nylander Matthew Tkachuk 60 0 2 3
2 Sergey Kalinin Roope Hintz Jordan Kyrou 40 0 2 3
PowerPlay Defense
Defense Defense Time % Phy DF OF
1 Thomas Chabot Jakob Chychrun 60 1 2 2
2 Dmitri Orlov Nikita Tryamkin 40 1 2 2
Penalty Kill 4 Players Forward
Center Wing Time % Phy DF OF
1 Joel Eriksson Ek Nicolas Aube-Kubel 60 0 3 2
2 Sergey Kalinin Phillip Danault 40 0 3 2
Penalty Kill 4 Players Defense
Defense Defense Time % Phy DF OF
1 Christopher Tanev Jordan Schmaltz 60 0 4 1
2 Nikita Tryamkin Dmitri Orlov 40 0 4 1
Penalty Kill - 3 Players Forward
Forward Time % Phy DF OF
1 Sergey Kalinin 60 0 3 2
2 Joel Eriksson Ek 40 0 3 2
Penalty Kill - 3 Players Defense
Defense Defense Time % Phy DF OF
1 Christopher Tanev Jordan Schmaltz 60 1 4 0
2 Nikita Tryamkin Dmitri Orlov 40 1 4 0
4 vs 4 Forward
Center Wing Time % Phy DF OF
1 William Nylander Jordan Kyrou 60 1 2 2
2 Rourke Chartier Roope Hintz 40 1 2 2
4 vs 4 Defense
Defense Defense Time % Phy DF OF
1 Christopher Tanev Thomas Chabot 60 1 2 2
2 Jordan Schmaltz Jakob Chychrun 40 1 2 2
Last Minutes Offensive
Center Left Wing Right Wing Defense Defense
William Nylander Roope Hintz Jordan Kyrou Jakob Chychrun Thomas Chabot
Last Minutes Defensive
Center Left Wing Right Wing Defense Defense
Sergey Kalinin Roope Hintz Josh Anderson Christopher Tanev Jordan Schmaltz
Goaltenders
Starting : Carter Hart
Backup : Garret Sparks
Extra Forwards
Normal : William Nylander, Roope Hintz, Joachim Blichfeld - PP : Joachim Blichfeld, Joel Eriksson Ek - PK : William Nylander
Extra Defensemen
Normal : Charlie McAvoy, Jakob Chychrun, Logan Stanley - PP : Charlie McAvoy - PK : Thomas Chabot, Logan Stanley
Penalty Shots
Rourke Chartier, Jordan Kyrou, Trevor Moore, Roope Hintz, Joachim Blichfeld
Scratches
Blake Lizotte (Healthy), Bokondji Imama (Healthy), Jacob Josefson (Healthy), Joel Vermin (Healthy), Nathan Gerbe (Healthy)
Dan Renouf (Healthy), Kale Clague (Healthy), Michael Pezzetta (Healthy), Austin Czarnik (Healthy), Cal Petersen (Healthy)
Jordan Binnington (Healthy)
Monsters
5 vs 5 Forward
Center Left Wing Right Wing Time % Phy DF OF
1 Christian Hanson Matt Calvert Ondrej Kase 40 1 2 2
2 Jared Knight Austin Watson Mitch Marner 30 1 2 2
3 Ryan Fitzgerald Joakim Nordstrom Bobby Farnham 20 1 2 2
4 Maxim Mamin Marc Michaelis Richard Nejezchleb 10 1 2 2
5 vs 5 Defense
Defense Defense Time % Phy DF OF
1 Morgan Rielly Aaron Ness 40 1 2 2
2 Dillon Heatherington Matt Grzelcyk 30 1 2 2
3 Victor Mete Tarmo Reunanen 20 1 2 2
4 Morgan Rielly Aaron Ness 10 1 2 2
PowerPlay Forward
Center Left Wing Right Wing Time % Phy DF OF
1 Christian Hanson Matt Calvert Ondrej Kase 60 1 2 2
2 Jared Knight Austin Watson Mitch Marner 40 1 2 2
PowerPlay Defense
Defense Defense Time % Phy DF OF
1 Morgan Rielly Aaron Ness 60 1 2 2
2 Dillon Heatherington Matt Grzelcyk 40 1 2 2
Penalty Kill 4 Players Forward
Center Wing Time % Phy DF OF
1 Matt Calvert Christian Hanson 60 1 2 2
2 Ondrej Kase Mitch Marner 40 1 2 2
Penalty Kill 4 Players Defense
Defense Defense Time % Phy DF OF
1 Morgan Rielly Aaron Ness 60 1 2 2
2 Dillon Heatherington Matt Grzelcyk 40 1 2 2
Penalty Kill - 3 Players Forward
Forward Time % Phy DF OF
1 Matt Calvert 60 1 2 2
2 Christian Hanson 40 1 2 2
Penalty Kill - 3 Players Defense
Defense Defense Time % Phy DF OF
1 Morgan Rielly Aaron Ness 60 1 2 2
2 Dillon Heatherington Matt Grzelcyk 40 1 2 2
4 vs 4 Forward
Center Wing Time % Phy DF OF
1 Matt Calvert Christian Hanson 60 1 2 2
2 Ondrej Kase Mitch Marner 40 1 2 2
4 vs 4 Defense
Defense Defense Time % Phy DF OF
1 Morgan Rielly Aaron Ness 60 1 2 2
2 Dillon Heatherington Matt Grzelcyk 40 1 2 2
Last Minutes Offensive
Center Left Wing Right Wing Defense Defense
Christian Hanson Matt Calvert Ondrej Kase Morgan Rielly Aaron Ness
Last Minutes Defensive
Center Left Wing Right Wing Defense Defense
Christian Hanson Matt Calvert Ondrej Kase Morgan Rielly Aaron Ness
Goaltenders
Starting : Eric Comrie
Backup : Phoenix Copley
Extra Forwards
Normal : Patrik Laine, Nathan Noel, Francis Perron - PP : Patrik Laine, Nathan Noel - PK : Francis Perron
Extra Defensemen
Normal : Victor Mete, Tarmo Reunanen, Dillon Heatherington - PP : Victor Mete - PK : Tarmo Reunanen, Dillon Heatherington
Penalty Shots
Matt Calvert, Christian Hanson, Ondrej Kase, Mitch Marner, Bobby Farnham
Scratches
Peyton Jones (Healthy)
% Time on Ice - Reign
Lines # - Real PCT - Wanted PCT - Time Play
Normal Forward
1 - 31% - 30% - 15:51
2 - 34% - 30% - 17:47
3 - 17% - 20% - 8:59
4 - 18% - 20% - 9:09
Normal Defense
1 - 30% - 30% - 15:27
2 - 25% - 25% - 12:56
3 - 25% - 25% - 13:02
4 - 20% - 20% - 10:21
PP Forward
1 - 62% - 60% - 2:38
2 - 38% - 40% - 1:38
PP Defense
1 - 55% - 60% - 2:21
2 - 45% - 40% - 1:55
PK Forward
1 - 83% - 60% - 3:18
2 - 17% - 40% - 0:40
PK Defense
1 - 67% - 60% - 2:40
2 - 33% - 40% - 1:18
PK3 Forward
1 - 0% - 60%
2 - 0% - 40%
PK3 Defense
1 - 0% - 60%
2 - 0% - 40%
44 Forward
1 - 0% - 60%
2 - 0% - 40%
44 Defense
1 - 0% - 60%
2 - 0% - 40%
Last Minute Offensive - 0:00
Last Minute Defensive - 0:00
Total
Forward - 60:00
Defense - 60:00
|
% Time on Ice - Monsters
Lines # - Real PCT - Wanted PCT - Time Play
Normal Forward
1 - 35% - 40% - 17:50
2 - 27% - 30% - 13:39
3 - 21% - 20% - 10:31
4 - 18% - 10% - 8:55
Normal Defense
1 - 39% - 40% - 19:38
2 - 33% - 30% - 16:54
3 - 23% - 20% - 11:39
4 - 5% - 10% - 2:44
PP Forward
1 - 59% - 60% - 2:21
2 - 41% - 40% - 1:37
PP Defense
1 - 55% - 60% - 2:10
2 - 45% - 40% - 1:48
PK Forward
1 - 77% - 60% - 3:16
2 - 23% - 40% - 1:00
PK Defense
1 - 58% - 60% - 2:29
2 - 42% - 40% - 1:47
PK3 Forward
1 - 0% - 60%
2 - 0% - 40%
PK3 Defense
1 - 0% - 60%
2 - 0% - 40%
44 Forward
1 - 0% - 60%
2 - 0% - 40%
44 Defense
1 - 0% - 60%
2 - 0% - 40%
Last Minute Offensive - 0:00
Last Minute Defensive - 0:51
Total
Forward - 60:00
Defense - 60:00
|
Play-by-Play
1st period
0:01 of 1st period - Sergey Kalinin wins face-off versus Christian Hanson in neutral zone.
0:16 of 1st period - Snap shot by Jordan Kyrou.
0:16 of 1st period - Stopped by Eric Comrie with a rebound.
1:27 of 1st period - Slapshot by Matt Calvert.
1:27 of 1st period - Shot Blocked by William Nylander.
1:52 of 1st period - Off-side.
1:53 of 1st period - Jared Knight wins face-off versus Joel Eriksson Ek in neutral zone.
1:55 of 1st period - Off-side.
1:56 of 1st period - Christian Hanson wins face-off versus Joachim Blichfeld in neutral zone.
2:05 of 1st period - Snap shot by Matt Calvert.
2:05 of 1st period - Stopped by Carter Hart with a rebound.
2:07 of 1st period - Snap shot by Ondrej Kase.
2:07 of 1st period - Goal by Ondrej Kase - Reign : 0 - Monsters : 1.
2:08 of 1st period - Ryan Fitzgerald wins face-off versus Trevor Moore in neutral zone.
2:34 of 1st period - Joakim Nordstrom is hit by Phillip Danault and loses puck.
2:38 of 1st period - Icing by Dillon Heatherington.
2:39 of 1st period - Ryan Fitzgerald wins face-off versus Rourke Chartier in Monsters zone.
2:52 of 1st period - Snap shot by Rourke Chartier.
2:52 of 1st period - Shot Blocked by Bobby Farnham.
3:46 of 1st period - Mitch Marner is hit by Roope Hintz and loses puck.
5:45 of 1st period - Slapshot by Matt Calvert.
5:45 of 1st period - Shot Blocked by Christopher Tanev.
5:56 of 1st period - Off-side.
5:57 of 1st period - Rourke Chartier wins face-off versus Maxim Mamin in neutral zone.
6:09 of 1st period - Off-side.
6:10 of 1st period - Christian Hanson wins face-off versus Sergey Kalinin in neutral zone.
6:17 of 1st period - Wrist shot by Ondrej Kase.
6:17 of 1st period - Stopped by Carter Hart without a rebound.
6:18 of 1st period - Christian Hanson wins face-off versus Sergey Kalinin in Reign zone.
7:48 of 1st period - Off-side.
7:49 of 1st period - Sergey Kalinin wins face-off versus Jared Knight in neutral zone.
7:54 of 1st period - Wrist shot by Sergey Kalinin.
7:54 of 1st period - Goal by Sergey Kalinin - Reign : 1 - Monsters : 1.
7:55 of 1st period - Rourke Chartier wins face-off versus Christian Hanson in neutral zone.
8:20 of 1st period - Roope Hintz is hit by Dillon Heatherington and loses puck.
9:33 of 1st period - Snap shot by Joachim Blichfeld.
9:33 of 1st period - Shot Misses the Net.
9:35 of 1st period - Slapshot by Christopher Tanev.
9:35 of 1st period - Shot Misses the Net.
9:37 of 1st period - Slapshot by Joel Eriksson Ek.
9:37 of 1st period - Shot Blocked by Marc Michaelis.
10:01 of 1st period - Snap shot by Joachim Blichfeld.
10:01 of 1st period - Shot Blocked by Marc Michaelis.
10:15 of 1st period - Snap shot by Joachim Blichfeld.
10:15 of 1st period - Stopped by Eric Comrie with a rebound.
10:27 of 1st period - Snap shot by Joachim Blichfeld.
10:27 of 1st period - Shot Misses the Net.
10:29 of 1st period - Slapshot by Christopher Tanev.
10:29 of 1st period - Stopped by Eric Comrie without a rebound.
10:30 of 1st period - Sergey Kalinin wins face-off versus Matt Calvert in Monsters zone.
11:02 of 1st period - Icing by Dillon Heatherington.
11:03 of 1st period - Jared Knight wins face-off versus Rourke Chartier in Monsters zone.
11:33 of 1st period - Wrist shot by Roope Hintz.
11:33 of 1st period - Shot Hit the Post.
11:49 of 1st period - Snap shot by Jared Knight.
11:49 of 1st period - Shot Misses the Net.
11:51 of 1st period - Slapshot by Matt Grzelcyk.
11:51 of 1st period - Shot Misses the Net.
11:53 of 1st period - Snap shot by Mitch Marner.
11:53 of 1st period - Stopped by Carter Hart with a rebound.
11:59 of 1st period - Slapshot by Mitch Marner.
11:59 of 1st period - Shot Misses the Net.
12:01 of 1st period - Snap shot by Mitch Marner.
12:01 of 1st period - Stopped by Carter Hart with a rebound.
12:03 of 1st period - Wrist shot by Austin Watson.
12:03 of 1st period - Stopped by Carter Hart with a rebound.
12:05 of 1st period - Snap shot by Dillon Heatherington.
12:05 of 1st period - Stopped by Carter Hart with a rebound.
12:07 of 1st period - Slapshot by Jared Knight.
12:07 of 1st period - Shot Blocked by Roope Hintz.
12:09 of 1st period - Snap shot by Dillon Heatherington.
12:09 of 1st period - Shot Blocked by Charlie McAvoy.
12:11 of 1st period - Slapshot by Dillon Heatherington.
12:11 of 1st period - Deflect By Mitch Marner.
12:11 of 1st period - Shot Misses the Net.
12:11 of 1st period - Puck is out of play.
12:12 of 1st period - Sergey Kalinin wins face-off versus Christian Hanson in Reign zone.
12:37 of 1st period - Joakim Nordstrom is hit by Trevor Moore and loses puck.
13:01 of 1st period - Christopher Tanev is hit by Aaron Ness and loses puck.
14:16 of 1st period - Austin Watson is hit by Roope Hintz and loses puck.
14:27 of 1st period - Snap shot by Nicolas Aube-Kubel.
14:27 of 1st period - Shot Blocked by Matt Grzelcyk.
14:35 of 1st period - Matt Grzelcyk is hit by Nicolas Aube-Kubel and loses puck.
15:41 of 1st period - Snap shot by Joakim Nordstrom.
15:41 of 1st period - Stopped by Carter Hart with a rebound.
15:43 of 1st period - Snap shot by Ryan Fitzgerald.
15:43 of 1st period - Stopped by Carter Hart with a rebound.
15:45 of 1st period - Snap shot by Bobby Farnham.
15:45 of 1st period - Stopped by Carter Hart with a rebound.
15:47 of 1st period - Snap shot by Morgan Rielly.
15:47 of 1st period - Stopped by Carter Hart with a rebound.
15:49 of 1st period - Slapshot by Aaron Ness.
15:49 of 1st period - Deflect By Trevor Moore.
15:49 of 1st period - Stopped by Carter Hart with a rebound.
16:36 of 1st period - Richard Nejezchleb is hit by Joel Eriksson Ek and loses puck.
17:09 of 1st period - Snap shot by Bobby Farnham.
17:09 of 1st period - Shot Hit the Post.
17:26 of 1st period - Slapshot by Ondrej Kase.
17:26 of 1st period - Shot Misses the Net.
17:28 of 1st period - Slapshot by Morgan Rielly.
17:28 of 1st period - Stopped by Carter Hart without a rebound.
17:29 of 1st period - Austin Watson wins face-off versus Rourke Chartier in Reign zone.
18:57 of 1st period - Dillon Heatherington is hit by Jakob Chychrun and loses puck.
19:02 of 1st period - Wrist shot by Jordan Kyrou.
19:02 of 1st period - Shot Misses the Net.
19:04 of 1st period - Slapshot by Charlie McAvoy.
19:04 of 1st period - Shot Blocked by Marc Michaelis.
19:06 of 1st period - Slapshot by Charlie McAvoy.
19:06 of 1st period - Stopped by Eric Comrie with a rebound.
19:08 of 1st period - Snap shot by Jordan Kyrou.
19:08 of 1st period - Shot Misses the Net.
19:45 of 1st period - Minor Penalty to Jared Knight for Roughing.
19:46 of 1st period - Matt Calvert wins face-off versus Rourke Chartier in Monsters zone.
Goals for this period are 1 for Reign vs 1 for Monsters.
Shots for this period are 5 for Reign vs 13 for Monsters.
2nd period
0:01 of 2nd period - Matt Calvert wins face-off versus Rourke Chartier in neutral zone.
0:26 of 2nd period - Aaron Ness is hit by Sergey Kalinin and loses puck.
0:33 of 2nd period - Snap shot by Jordan Kyrou.
0:33 of 2nd period - Stopped by Eric Comrie with a rebound.
1:29 of 2nd period - Slapshot by Aaron Ness.
1:29 of 2nd period - Deflect By Mitch Marner.
1:29 of 2nd period - Shot Blocked by Jakob Chychrun.
1:29 of 2nd period - Puck is out of play.
1:30 of 2nd period - Sergey Kalinin wins face-off versus Ondrej Kase in Reign zone.
1:42 of 2nd period - Icing by Rourke Chartier.
1:43 of 2nd period - Matt Calvert wins face-off versus Rourke Chartier in Reign zone.
1:45 of 2nd period - Penalty to Jared Knight is over, Jared Knight is back on ice.
1:48 of 2nd period - Snap shot by Jared Knight.
1:48 of 2nd period - Shot Misses the Net.
1:50 of 2nd period - Wrist shot by Matt Grzelcyk.
1:50 of 2nd period - Shot Blocked by Dmitri Orlov.
1:52 of 2nd period - Snap shot by Christian Hanson.
1:52 of 2nd period - Goal by Christian Hanson - Reign : 1 - Monsters : 2.
1:53 of 2nd period - Sergey Kalinin wins face-off versus Christian Hanson in neutral zone.
1:59 of 2nd period - Icing by Ondrej Kase.
2:00 of 2nd period - Christian Hanson wins face-off versus Sergey Kalinin in Monsters zone.
2:09 of 2nd period - Snap shot by Matt Calvert.
2:09 of 2nd period - Shot Blocked by Sergey Kalinin.
2:17 of 2nd period - Aaron Ness is hit by William Nylander.
2:21 of 2nd period - Snap shot by Ondrej Kase.
2:21 of 2nd period - Shot Misses the Net.
2:23 of 2nd period - Slapshot by Morgan Rielly.
2:23 of 2nd period - Shot Blocked by Dmitri Orlov.
2:49 of 2nd period - Wrist shot by Matt Calvert.
2:49 of 2nd period - Shot Misses the Net.
2:51 of 2nd period - Slapshot by Morgan Rielly.
2:51 of 2nd period - Deflect By Matt Calvert.
2:51 of 2nd period - Shot Misses the Net.
2:51 of 2nd period - Puck is out of play.
2:52 of 2nd period - Rourke Chartier wins face-off versus Jared Knight in Reign zone.
3:07 of 2nd period - Snap shot by Matthew Tkachuk.
3:07 of 2nd period - Shot Blocked by Austin Watson.
3:22 of 2nd period - Off-side.
3:23 of 2nd period - Ryan Fitzgerald wins face-off versus Trevor Moore in neutral zone.
3:26 of 2nd period - Slapshot by Aaron Ness.
3:26 of 2nd period - Shot Blocked by Christopher Tanev.
3:53 of 2nd period - Wrist shot by Joachim Blichfeld.
3:53 of 2nd period - Shot Misses the Net.
3:55 of 2nd period - Wrist shot by Josh Anderson.
3:55 of 2nd period - Stopped by Eric Comrie without a rebound.
3:56 of 2nd period - Matthew Tkachuk wins face-off versus Ondrej Kase in Monsters zone.
3:57 of 2nd period - Slapshot by Rourke Chartier.
3:57 of 2nd period - Stopped by Eric Comrie with a rebound.
3:59 of 2nd period - Wrist shot by Dmitri Orlov.
3:59 of 2nd period - Stopped by Eric Comrie without a rebound.
4:00 of 2nd period - Matthew Tkachuk wins face-off versus Christian Hanson in Monsters zone.
4:05 of 2nd period - Slapshot by Dmitri Orlov.
4:05 of 2nd period - Shot Blocked by Morgan Rielly.
5:09 of 2nd period - Snap shot by Josh Anderson.
5:09 of 2nd period - Stopped by Eric Comrie without a rebound.
5:10 of 2nd period - Joel Eriksson Ek wins face-off versus Maxim Mamin in Monsters zone.
5:11 of 2nd period - Snap shot by Joachim Blichfeld.
5:11 of 2nd period - Shot Misses the Net.
5:35 of 2nd period - Rourke Chartier is hit by Christian Hanson and loses puck.
6:57 of 2nd period - Snap shot by Rourke Chartier.
6:57 of 2nd period - Stopped by Eric Comrie without a rebound.
6:58 of 2nd period - Jared Knight wins face-off versus Rourke Chartier in Monsters zone.
7:07 of 2nd period - Wrist shot by Mitch Marner.
7:07 of 2nd period - Shot Misses the Net.
7:30 of 2nd period - Slapshot by Joachim Blichfeld.
7:30 of 2nd period - Shot Blocked by Aaron Ness.
7:32 of 2nd period - Snap shot by Christopher Tanev.
7:32 of 2nd period - Deflect By Joel Eriksson Ek.
7:32 of 2nd period - Shot Misses the Net.
7:32 of 2nd period - Puck is out of play.
7:33 of 2nd period - Christian Hanson wins face-off versus Rourke Chartier in Monsters zone.
7:38 of 2nd period - Roope Hintz is hit by Ondrej Kase and loses puck.
7:55 of 2nd period - Minor Penalty to Aaron Ness for Hooking.
7:56 of 2nd period - Rourke Chartier wins face-off versus Matt Calvert in Monsters zone.
7:57 of 2nd period - Wrist shot by Matthew Tkachuk.
7:57 of 2nd period - Shot Misses the Net.
7:59 of 2nd period - Wrist shot by Rourke Chartier.
7:59 of 2nd period - Shot Misses the Net.
8:01 of 2nd period - Wrist shot by William Nylander.
8:01 of 2nd period - Shot Blocked by Christian Hanson.
8:03 of 2nd period - Slapshot by Jakob Chychrun.
8:03 of 2nd period - Stopped by Eric Comrie without a rebound.
8:04 of 2nd period - Matt Calvert wins face-off versus Rourke Chartier in Monsters zone.
8:13 of 2nd period - Wrist shot by William Nylander.
8:13 of 2nd period - Deflect By Matthew Tkachuk.
8:13 of 2nd period - Goal by Matthew Tkachuk - Reign : 2 - Monsters : 2.
8:14 of 2nd period - Christian Hanson wins face-off versus Roope Hintz in neutral zone.
8:25 of 2nd period - Logan Stanley is hit by Ondrej Kase and loses puck.
8:44 of 2nd period - Snap shot by Morgan Rielly.
8:44 of 2nd period - Shot Hit the Post.
9:24 of 2nd period - Marc Michaelis is hit by Christopher Tanev and loses puck.
10:14 of 2nd period - Snap shot by Sergey Kalinin.
10:14 of 2nd period - Shot Blocked by Jared Knight.
10:16 of 2nd period - Wrist shot by Sergey Kalinin.
10:16 of 2nd period - Stopped by Eric Comrie without a rebound.
10:17 of 2nd period - Ryan Fitzgerald wins face-off versus Sergey Kalinin in Monsters zone.
10:26 of 2nd period - Wrist shot by Bobby Farnham.
10:26 of 2nd period - Shot Blocked by Sergey Kalinin.
10:28 of 2nd period - Slapshot by Joakim Nordstrom.
10:28 of 2nd period - Shot Misses the Net.
10:30 of 2nd period - Wrist shot by Ryan Fitzgerald.
10:30 of 2nd period - Deflect By Joakim Nordstrom.
10:30 of 2nd period - Stopped by Carter Hart without a rebound.
10:31 of 2nd period - Rourke Chartier wins face-off versus Christian Hanson in Reign zone.
11:00 of 2nd period - Minor Penalty to Rourke Chartier for Hooking.
11:01 of 2nd period - Joel Eriksson Ek wins face-off versus Christian Hanson in Reign zone.
11:32 of 2nd period - Snap shot by Mitch Marner.
11:32 of 2nd period - Stopped by Carter Hart with a rebound.
11:34 of 2nd period - Slapshot by Dillon Heatherington.
11:34 of 2nd period - Deflect By Austin Watson.
11:34 of 2nd period - Shot Blocked by Jordan Schmaltz.
11:34 of 2nd period - Puck is out of play.
11:35 of 2nd period - Joel Eriksson Ek wins face-off versus Matt Calvert in Reign zone.
11:48 of 2nd period - Snap shot by Matt Calvert.
11:48 of 2nd period - Shot Misses the Net.
11:50 of 2nd period - Slapshot by Matt Calvert.
11:50 of 2nd period - Shot Blocked by Dmitri Orlov.
12:10 of 2nd period - Wrist shot by Dmitri Orlov.
12:10 of 2nd period - Stopped by Eric Comrie with a rebound.
12:38 of 2nd period - Matt Calvert is hit by Christopher Tanev and loses puck.
13:00 of 2nd period - Penalty to Rourke Chartier is over, Rourke Chartier is back on ice.
13:34 of 2nd period - Icing by Aaron Ness.
13:35 of 2nd period - Maxim Mamin wins face-off versus Joel Eriksson Ek in Monsters zone.
14:28 of 2nd period - Snap shot by Ondrej Kase.
14:28 of 2nd period - Shot Misses the Net.
14:30 of 2nd period - Slapshot by Dillon Heatherington.
14:30 of 2nd period - Shot Blocked by Christopher Tanev.
15:03 of 2nd period - Josh Anderson is hit by Marc Michaelis and loses puck.
15:24 of 2nd period - Mitch Marner is hit by William Nylander and loses puck.
15:33 of 2nd period - Jordan Kyrou is hit by Austin Watson and loses puck.
16:02 of 2nd period - Phillip Danault is hit by Bobby Farnham and loses puck.
16:11 of 2nd period - Wrist shot by Nicolas Aube-Kubel.
16:11 of 2nd period - Stopped by Eric Comrie with a rebound.
16:13 of 2nd period - Snap shot by Trevor Moore.
16:13 of 2nd period - Shot Misses the Net.
16:25 of 2nd period - Slapshot by Dmitri Orlov.
16:25 of 2nd period - Stopped by Eric Comrie without a rebound.
16:26 of 2nd period - Sergey Kalinin wins face-off versus Christian Hanson in Monsters zone.
16:29 of 2nd period - Snap shot by Jordan Kyrou.
16:29 of 2nd period - Stopped by Eric Comrie with a rebound.
16:31 of 2nd period - Slapshot by Jordan Schmaltz.
16:31 of 2nd period - Shot Misses the Net.
16:33 of 2nd period - Slapshot by William Nylander.
16:33 of 2nd period - Stopped by Eric Comrie without a rebound.
16:34 of 2nd period - Sergey Kalinin wins face-off versus Christian Hanson in Monsters zone.
16:35 of 2nd period - Slapshot by William Nylander.
16:35 of 2nd period - Shot Misses the Net.
16:37 of 2nd period - Slapshot by William Nylander.
16:37 of 2nd period - Stopped by Eric Comrie with a rebound.
16:39 of 2nd period - Wrist shot by Jordan Schmaltz.
16:39 of 2nd period - Stopped by Eric Comrie without a rebound.
16:40 of 2nd period - Sergey Kalinin wins face-off versus Christian Hanson in Monsters zone.
16:43 of 2nd period - Slapshot by William Nylander.
16:43 of 2nd period - Deflect By Jordan Kyrou.
16:43 of 2nd period - Stopped by Eric Comrie with a rebound.
16:45 of 2nd period - Slapshot by Dmitri Orlov.
16:45 of 2nd period - Shot Misses the Net.
16:47 of 2nd period - Snap shot by Sergey Kalinin.
16:47 of 2nd period - Stopped by Eric Comrie without a rebound.
16:48 of 2nd period - Christian Hanson wins face-off versus Sergey Kalinin in Monsters zone.
17:01 of 2nd period - Wrist shot by Ondrej Kase.
17:01 of 2nd period - Shot Blocked by Dmitri Orlov.
17:17 of 2nd period - Slapshot by Mitch Marner.
17:17 of 2nd period - Stopped by Carter Hart without a rebound.
17:18 of 2nd period - Austin Watson wins face-off versus Rourke Chartier in Reign zone.
17:33 of 2nd period - Snap shot by Mitch Marner.
17:33 of 2nd period - Deflect By Matthew Tkachuk.
17:33 of 2nd period - Shot Misses the Net.
17:33 of 2nd period - Puck is out of play.
17:34 of 2nd period - Christian Hanson wins face-off versus Sergey Kalinin in Reign zone.
17:35 of 2nd period - Wrist shot by Ondrej Kase.
17:35 of 2nd period - Deflect By Jakob Chychrun.
17:35 of 2nd period - Shot Blocked by Jakob Chychrun.
17:35 of 2nd period - Puck is out of play.
17:36 of 2nd period - Christian Hanson wins face-off versus Sergey Kalinin in Reign zone.
18:01 of 2nd period - Aaron Ness is hit by Rourke Chartier and loses puck.
18:13 of 2nd period - Icing by Jakob Chychrun.
18:14 of 2nd period - Christian Hanson wins face-off versus Rourke Chartier in Reign zone.
18:28 of 2nd period - Wrist shot by Ondrej Kase.
18:28 of 2nd period - Shot Blocked by Jakob Chychrun.
19:13 of 2nd period - Wrist shot by Matthew Tkachuk.
19:13 of 2nd period - Stopped by Eric Comrie without a rebound.
19:14 of 2nd period - Christian Hanson wins face-off versus Sergey Kalinin in Monsters zone.
19:25 of 2nd period - William Nylander is hit by Christian Hanson and loses puck.
19:35 of 2nd period - Icing by Thomas Chabot.
19:36 of 2nd period - Jared Knight wins face-off versus Sergey Kalinin in Reign zone.
Goals for this period are 1 for Reign vs 1 for Monsters.
Shots for this period are 19 for Reign vs 4 for Monsters.
3rd period
0:01 of 3rd period - Trevor Moore wins face-off versus Christian Hanson in neutral zone.
0:30 of 3rd period - Slapshot by Dmitri Orlov.
0:30 of 3rd period - Deflect By Joachim Blichfeld.
0:30 of 3rd period - Shot Blocked by Aaron Ness.
0:30 of 3rd period - Puck is out of play.
0:31 of 3rd period - Mitch Marner wins face-off versus Joel Eriksson Ek in Monsters zone.
0:31 of 3rd period - Mitch Marner is hit by Logan Stanley.
0:41 of 3rd period - Wrist shot by Matt Grzelcyk.
0:41 of 3rd period - Stopped by Carter Hart without a rebound.
0:42 of 3rd period - Christian Hanson wins face-off versus Sergey Kalinin in Reign zone.
0:43 of 3rd period - Snap shot by Ondrej Kase.
0:43 of 3rd period - Shot Blocked by Nikita Tryamkin.
0:51 of 3rd period - Aaron Ness is hit by Logan Stanley.
1:15 of 3rd period - Icing by Nikita Tryamkin.
1:16 of 3rd period - Joel Eriksson Ek wins face-off versus Christian Hanson in Reign zone.
1:16 of 3rd period - Joel Eriksson Ek is hit by Matt Calvert.
1:28 of 3rd period - Wrist shot by Joachim Blichfeld.
1:28 of 3rd period - Goal by Joachim Blichfeld - Reign : 3 - Monsters : 2.
1:29 of 3rd period - Christian Hanson wins face-off versus Trevor Moore in neutral zone.
2:05 of 3rd period - Slapshot by Dmitri Orlov.
2:05 of 3rd period - Stopped by Eric Comrie without a rebound.
2:06 of 3rd period - Jared Knight wins face-off versus Sergey Kalinin in Monsters zone.
2:51 of 3rd period - Minor Penalty to Joakim Nordstrom for Interference.
2:52 of 3rd period - Matt Calvert wins face-off versus Rourke Chartier in Monsters zone.
3:44 of 3rd period - Off-side.
3:45 of 3rd period - Rourke Chartier wins face-off versus Ondrej Kase in neutral zone.
3:58 of 3rd period - Snap shot by Rourke Chartier.
3:58 of 3rd period - Shot Misses the Net.
4:10 of 3rd period - Wrist shot by Sergey Kalinin.
4:10 of 3rd period - Shot Misses the Net.
4:12 of 3rd period - Slapshot by Dmitri Orlov.
4:12 of 3rd period - Shot Blocked by Matt Grzelcyk.
4:14 of 3rd period - Wrist shot by Jordan Kyrou.
4:14 of 3rd period - Shot Blocked by Ondrej Kase.
4:51 of 3rd period - Penalty to Joakim Nordstrom is over, Joakim Nordstrom is back on ice.
5:05 of 3rd period - Slapshot by Morgan Rielly.
5:05 of 3rd period - Stopped by Carter Hart with a rebound.
5:11 of 3rd period - Joel Eriksson Ek is hit by Richard Nejezchleb and loses puck.
5:30 of 3rd period - Richard Nejezchleb is hit by Nikita Tryamkin and loses puck.
5:41 of 3rd period - Wrist shot by Marc Michaelis.
5:41 of 3rd period - Shot Misses the Net.
5:43 of 3rd period - Snap shot by Richard Nejezchleb.
5:43 of 3rd period - Stopped by Carter Hart with a rebound.
5:45 of 3rd period - Slapshot by Morgan Rielly.
5:45 of 3rd period - Shot Blocked by Nicolas Aube-Kubel.
5:47 of 3rd period - Wrist shot by Richard Nejezchleb.
5:47 of 3rd period - Stopped by Carter Hart with a rebound.
6:10 of 3rd period - Slapshot by Phillip Danault.
6:10 of 3rd period - Stopped by Eric Comrie with a rebound.
6:30 of 3rd period - Slapshot by Maxim Mamin.
6:30 of 3rd period - Goal by Maxim Mamin - Reign : 3 - Monsters : 3.
6:31 of 3rd period - Sergey Kalinin wins face-off versus Christian Hanson in neutral zone.
7:01 of 3rd period - Backhand shot by Dmitri Orlov.
7:01 of 3rd period - Shot Misses the Net.
7:03 of 3rd period - Wrist shot by Matthew Tkachuk.
7:03 of 3rd period - Shot Misses the Net.
7:05 of 3rd period - Slapshot by Matthew Tkachuk.
7:05 of 3rd period - Stopped by Eric Comrie with a rebound.
7:34 of 3rd period - Icing by Joachim Blichfeld.
7:35 of 3rd period - Joel Eriksson Ek wins face-off versus Christian Hanson in Reign zone.
7:35 of 3rd period - Joel Eriksson Ek is hit by Ondrej Kase.
8:02 of 3rd period - Wrist shot by Rourke Chartier.
8:02 of 3rd period - Shot Blocked by Victor Mete.
8:46 of 3rd period - Slapshot by Aaron Ness.
8:46 of 3rd period - Stopped by Carter Hart with a rebound.
8:48 of 3rd period - Wrist shot by Matt Calvert.
8:48 of 3rd period - Stopped by Carter Hart without a rebound.
8:49 of 3rd period - Trevor Moore wins face-off versus Christian Hanson in Reign zone.
8:55 of 3rd period - Snap shot by Christian Hanson.
8:55 of 3rd period - Goal by Christian Hanson - Reign : 3 - Monsters : 4.
8:56 of 3rd period - Christian Hanson wins face-off versus Sergey Kalinin in neutral zone.
9:21 of 3rd period - Jakob Chychrun is hit by Morgan Rielly and loses puck.
9:28 of 3rd period - Wrist shot by Jared Knight.
9:28 of 3rd period - Stopped by Carter Hart without a rebound.
9:29 of 3rd period - Jared Knight wins face-off versus Sergey Kalinin in Reign zone.
9:34 of 3rd period - Slapshot by Mitch Marner.
9:34 of 3rd period - Stopped by Carter Hart without a rebound.
9:35 of 3rd period - Jordan Kyrou wins face-off versus Jared Knight in Reign zone.
10:22 of 3rd period - Wrist shot by Ryan Fitzgerald.
10:22 of 3rd period - Deflect By Joakim Nordstrom.
10:22 of 3rd period - Deflect By Charlie McAvoy.
10:22 of 3rd period - Shot Misses the Net.
10:22 of 3rd period - Puck is out of play.
10:23 of 3rd period - Joel Eriksson Ek wins face-off versus Ryan Fitzgerald in Reign zone.
10:30 of 3rd period - Wrist shot by Joachim Blichfeld.
10:30 of 3rd period - Shot Misses the Net.
10:56 of 3rd period - Snap shot by Matt Calvert.
10:56 of 3rd period - Shot Blocked by Christopher Tanev.
11:16 of 3rd period - Minor Penalty to Charlie McAvoy for Interference.
11:17 of 3rd period - Joel Eriksson Ek wins face-off versus Christian Hanson in Reign zone.
11:17 of 3rd period - Joel Eriksson Ek is hit by Christian Hanson.
11:30 of 3rd period - Slapshot by Ondrej Kase.
11:30 of 3rd period - Stopped by Carter Hart without a rebound.
11:31 of 3rd period - Christian Hanson wins face-off versus Joel Eriksson Ek in Reign zone.
11:34 of 3rd period - Wrist shot by Christian Hanson.
11:34 of 3rd period - Shot Blocked by Christopher Tanev.
11:36 of 3rd period - Wrist shot by Ondrej Kase.
11:36 of 3rd period - Stopped by Carter Hart with a rebound.
11:38 of 3rd period - Slapshot by Ondrej Kase.
11:38 of 3rd period - Stopped by Carter Hart with a rebound.
11:40 of 3rd period - Wrist shot by Matt Calvert.
11:40 of 3rd period - Shot Blocked by Christopher Tanev.
11:42 of 3rd period - Snap shot by Aaron Ness.
11:42 of 3rd period - Deflect By Ondrej Kase.
11:42 of 3rd period - Shot Blocked by Joel Eriksson Ek.
11:42 of 3rd period - Puck is out of play.
11:43 of 3rd period - Joel Eriksson Ek wins face-off versus Christian Hanson in Reign zone.
13:16 of 3rd period - Penalty to Charlie McAvoy is over, Charlie McAvoy is back on ice.
13:28 of 3rd period - Snap shot by Joakim Nordstrom.
13:28 of 3rd period - Deflect By Ryan Fitzgerald.
13:28 of 3rd period - Stopped by Carter Hart with a rebound.
13:30 of 3rd period - Snap shot by Tarmo Reunanen.
13:30 of 3rd period - Shot Blocked by Christopher Tanev.
14:57 of 3rd period - Icing by Nikita Tryamkin.
14:58 of 3rd period - Christian Hanson wins face-off versus Matthew Tkachuk in Reign zone.
16:02 of 3rd period - Snap shot by Christian Hanson.
16:02 of 3rd period - Shot Misses the Net.
16:04 of 3rd period - Snap shot by Matt Calvert.
16:04 of 3rd period - Shot Hit the Post.
16:06 of 3rd period - Slapshot by Morgan Rielly.
16:06 of 3rd period - Stopped by Carter Hart with a rebound.
16:08 of 3rd period - Slapshot by Ondrej Kase.
16:08 of 3rd period - Shot Blocked by William Nylander.
16:10 of 3rd period - Slapshot by Dillon Heatherington.
16:10 of 3rd period - Stopped by Carter Hart with a rebound.
16:12 of 3rd period - Snap shot by Christian Hanson.
16:12 of 3rd period - Shot Misses the Net.
17:04 of 3rd period - Matt Grzelcyk is hit by Roope Hintz and loses puck.
17:23 of 3rd period - Snap shot by Ondrej Kase.
17:23 of 3rd period - Shot Misses the Net.
18:06 of 3rd period - Off-side.
18:07 of 3rd period - Rourke Chartier wins face-off versus Ryan Fitzgerald in neutral zone.
18:24 of 3rd period - William Nylander is hit by Christian Hanson and loses puck.
19:09 of 3rd period - Reign, Carter Hart is pulled from the net.
19:13 of 3rd period - Snap shot by Rourke Chartier.
19:13 of 3rd period - Shot Blocked by Matt Calvert.
19:31 of 3rd period - Wrist shot by Ondrej Kase.
19:31 of 3rd period - Shot Misses the Net.
19:33 of 3rd period - Snap shot by Christian Hanson.
19:33 of 3rd period - Shot Misses the Net.
19:35 of 3rd period - Slapshot by Christian Hanson.
19:35 of 3rd period - Shot Misses the Net.
19:37 of 3rd period - Snap shot by Morgan Rielly.
19:37 of 3rd period - Shot Blocked by Charlie McAvoy.
19:39 of 3rd period - Backhand shot by Aaron Ness.
19:39 of 3rd period - Shot Misses the Net.
19:45 of 3rd period - Slapshot by Ondrej Kase.
19:45 of 3rd period - Goal by Ondrej Kase - Reign : 3 - Monsters : 5.
19:45 of 3rd period - Carter Hart from Reign was sent back in the game.
19:46 of 3rd period - William Nylander wins face-off versus Christian Hanson in neutral zone.
Goals for this period are 1 for Reign vs 3 for Monsters.
Shots for this period are 4 for Reign vs 17 for Monsters.